 Dungeon Crawl Stone Soup version 0.25-a0-58-g9dd530fc12 (webtiles) character file.

Game seed: 11163203932811604210, levelgen mode: deterministic

399338 Arixos the Peltast (level 22, -27/175 HPs)
             Began as a Mummy Necromancer on Oct 25, 2019.
             Was the Champion of Ru.
             Annihilated by a stone giant (42 damage)
             ... while paralysed by a floating eye
             ... on level 4 of the Vaults on Oct 26, 2019.
             The game lasted 07:26:22 (62440 turns).

Arixos the Peltast (Mummy Necromancer)             Turns: 62440, Time: 07:26:23

Health: -27/175    AC: 18    Str: 15    XL:     22   Next: 25%
Magic:  28/32      EV:  2    Int: 15    God:    Ru [******]
Gold:   2994       SH:  0    Dex: 33    Spells: 26/41 levels left

rFire    + + +     SeeInvis +   J - +8 demon blade (vamp)
rCold    + + .     Gourm    .   z - +5 shield {reflect}
rNeg     + + +     Faith    .   L - +4 ring mail of the Wild Haggis {rF+ Str+2 Dex+6}
rPois    ∞         Spirit   .   q - +0 helmet of Midnight {rN+ rCorr Str-4}
rElec    +         Reflect  +   x - scarf {repulsion}
rCorr    +         Harm     .   G - +0 pair of gloves "Cuajaon" {+Inv rElec MR+}
MR       +++..                  m - +2 pair of boots
Stlth    ++........             H - amulet of New Discoveries {+Rage rElec Dex+4 SInv}
HPRegen  0.39/turn              j - ring "Yffesch" {rC+ Slay+5}
MPRegen  0.23/turn              B - ring "Anekao Mose" {rPois rF+++ Dex+9}

@: paralysed, exhausted, studying Unarmed Combat, lightly drained, repel
missiles
A: no food or potions, fire vulnerability, cold resistance 1, low mp 1, negative
energy resistance 3, torment resistance, weak 1, unbreathing, inability to use
devices, hated by all, inexperienced 1, in touch with death 1
}: 2/15 runes: decaying, gossamer
a: Draw Out Power, Power Leap, Apocalypse, Renounce Religion


You were on level 4 of the Vaults.
You worshipped Ru.
Ru was exalted by your worship.
You were not hungry.

You visited 8 branches of the dungeon, and saw 39 of its levels.
You visited the Abyss 1 time.
You visited 1 bazaar.
You also visited: Ossuary, Bailey and Gauntlet.

You collected 5956 gold pieces.
You spent 2962 gold pieces at shops.

Inventory:

Hand Weapons
 a - a +5 scimitar of flaming
 p - a +3 demon blade
 v - a +4 long sword of freezing
 I - the +2 Maxwell's thermic engine {flame, freeze}
   (You took it off an ogre mage on level 1 of the Vaults)

   It has been specially enchanted to burn those struck by it, causing extra
   injury to most foes and up to half again as much damage against particularly
   susceptible opponents.
   Big, fiery blades are also staple armaments of hydra-hunters.
   It has been specially enchanted to freeze those struck by it, causing extra
   injury to most foes and up to half again as much damage against particularly
   susceptible opponents.
 J - a +8 vampiric demon blade (weapon)
Missiles
 l - 8 curare-tipped darts
 u - 26 poisoned darts (quivered)
 C - a datura-tipped dart
 D - 5 atropa-tipped darts
Armour
 m - a +2 pair of boots (worn)
 q - the +0 helmet of Midnight (worn) {rN+ rCorr Str-4}
   (You found it on level 1 of the Vaults)

   It affects your strength (-4).
   It protects you from negative energy.
   It provides partial protection from all sources of acid and corrosion.
 w - the +10 large shield of Ignorance {rN+ Int-4}
   (You found it on level 3 of the Lair of Beasts)

   It affects your intelligence (-4).
   It protects you from negative energy.
 x - a scarf of repulsion (worn)
 z - a +5 shield of reflection (worn)
 G - the +0 pair of gloves "Cuajaon" (worn) {+Inv rElec MR+}
   (You found it on level 2 of the Abyss)

   It insulates you from electricity.
   It affects your resistance to hostile enchantments.
   It lets you turn invisible.
 K - the +13 plate armour of the Rose {Dex+2}
   (You took it off a vault warden on level 1 of the Vaults)

   It affects your dexterity (+2).
 L - the +4 ring mail of the Wild Haggis (worn) {rF+ Str+2 Dex+6}
   (You found it on level 2 of the Vaults)

   It affects your strength (+2).
   It affects your dexterity (+6).
   It protects you from fire.
Jewellery
 b - an uncursed ring of wizardry
 j - the ring "Yffesch" (left hand) {rC+ Slay+5}
   (You bought it in a shop on level 2 of the Orcish Mines)

   [ring of protection from cold]

   It affects your accuracy and damage with ranged weapons and melee attacks
   (+5).
   It protects you from cold.
 y - an uncursed amulet of regeneration
 A - the ring "Rarof" {rPois rF+ MR+ Dex+3}
   (You took it off an ogre mage on level 1 of the Vaults)

   [ring of poison resistance]

   It affects your dexterity (+3).
   It protects you from fire.
   It protects you from poison.
   It affects your resistance to hostile enchantments.
 B - the ring "Anekao Mose" (right hand) {rPois rF+++ Dex+9}
   (You bought it in a shop on level 2 of the Orcish Mines)

   [ring of poison resistance]

   It affects your dexterity (+9).
   It renders you almost immune to fire.
   It protects you from poison.
 H - the amulet of New Discoveries (around neck) {+Rage rElec Dex+4 SInv}
   (You took it off an ogre mage on level 1 of the Vaults)

   [amulet of rage]

   It affects your dexterity (+4).
   It insulates you from electricity.
   It lets you see invisible.
   It lets you go berserk.
Scrolls
 d - 11 scrolls of remove curse
 e - 8 scrolls of enchant armour
 h - 13 scrolls of identify
 i - 7 scrolls of immolation
 k - 5 scrolls of fog
 n - 11 scrolls of teleportation
 o - a scroll of silence
 r - 6 scrolls of magic mapping
 s - 15 scrolls of amnesia
 t - 4 scrolls of blinking
 E - 2 scrolls of fear
Books
 f - a manual of Unarmed Combat


   Skills:
 + Level 15.1(14.6) Fighting
 - Level 14.0(13.5) Long Blades
   Level 1.8(1.4) Maces & Flails
 + Level 13.1(12.6) Armour
 + Level 13.1(12.7) Dodging
 - Level 1.5(1.2) Stealth
 + Level 15.4(14.9) Shields
 - Level 10.0(9.5) Spellcasting
 - Level 15.0(14.4) Necromancy
 - Level 10.0(9.5) Translocations


You had 26 spell levels left.
You knew the following spells:

 Your Spells              Type           Power        Failure   Level  Hunger
a - Pain                  Necr           ####         1%          1    N/A
d - Vampiric Draining     Necr           ######....   1%          3    N/A
e - Blink                 Tloc           N/A          1%          2    N/A
g - Apportation           Tloc           #####.       1%          1    N/A
E - Controlled Blink      Tloc           N/A          100%        8    N/A

Your spell library contained the following spells:

 Spells                   Type           Power        Failure   Level  Hunger
 Gell's Gravitas          Tloc           #####.....   1%          3    N/A
 Lesser Beckoning         Tloc           #####.....   1%          3    N/A
 Portal Projectile        Hex/Tloc       ###...       8%          3    N/A
 Flame Tongue             Conj/Fire      #....        17%         1    N/A
 Magic Dart               Conj           #...         17%         1    N/A
 Shock                    Conj/Air       #...         17%         1    N/A
 Force Lance              Conj/Tloc      ###.....     24%         4    N/A
 Poisonous Vapours        Pois/Air       #.....       26%         2    N/A
 Slow                     Hex            #.......     26%         2    N/A
 Swiftness                Chrm/Air       #.......     26%         2    N/A
 Throw Flame              Conj/Fire      #.....       26%         2    N/A
 Conjure Flame            Conj/Fire      #.......     45%         3    N/A
 Inner Flame              Hex/Fire       #.......     45%         3    N/A
 Mephitic Cloud           Conj/Pois/Air  #.......     45%         3    N/A
 Static Discharge         Conj/Air       #.......     45%         3    N/A
 Tukima's Dance           Hex            #.......     45%         3    N/A
 Dispersal                Tloc           #####.....   45%         6    N/A
 Airstrike                Air            #.........   86%         4    N/A
 Cause Fear               Hex            #.........   86%         4    N/A
 Leda's Liquefaction      Hex/Erth       #.........   86%         4    N/A
 Sticky Flame             Conj/Fire      #.......     86%         4    N/A
 Alistair's Intoxication  Tmut/Pois      #.......     99%         5    N/A
 Bolt of Magma            Conj/Fire/Erth #.........   99%         5    N/A
 Fireball                 Conj/Fire      #.........   99%         5    N/A
 Irradiate                Conj/Tmut      #.........   99%         5    N/A
 Iskenderun's Battlesphe  Conj/Chrm      #.......     99%         5    N/A
 Lightning Bolt           Conj/Air       #.........   99%         5    N/A
 Metabolic Englaciation   Hex/Ice        #.........   99%         5    N/A
 Silence                  Hex/Air        #.........   99%         5    N/A
 Venom Bolt               Conj/Pois      #.........   99%         5    N/A
 Yara's Violent Unravell  Hex/Tmut       #.........   99%         5    N/A
 Bolt of Cold             Conj/Ice       #.........   100%        6    N/A
 Deflect Missiles         Chrm/Air       #.........   100%        6    N/A
 Freezing Cloud           Conj/Ice/Air   #.........   100%        6    N/A
 Invisibility             Hex            #.......     100%        6    N/A
 Iron Shot                Conj/Erth      #.........   100%        6    N/A
 Ozocubu's Refrigeration  Ice            #.........   100%        6    N/A
 Orb of Destruction       Conj           #.........   100%        7    N/A
 Ring of Flames           Chrm/Fire      #.........   100%        7    N/A
 Discord                  Hex            #.........   100%        8    N/A
 Disjunction              Tloc           #####.....   100%        8    N/A
 Shatter                  Erth           #.........   100%        9    N/A
 Animate Skeleton         Necr           Unusable     N/A         1    N/A
 Animate Dead             Necr           Unusable     N/A         4    N/A
 Regeneration             Chrm/Necr      Unusable     N/A         3    N/A
 Summon Butterflies       Summ           Unusable     N/A         1    N/A
 Call Imp                 Summ           Unusable     N/A         2    N/A
 Call Canine Familiar     Summ           Unusable     N/A         3    N/A
 Simulacrum               Ice/Necr       Unusable     N/A         6    N/A
 Ice Form                 Ice/Tmut       Unusable     N/A         4    N/A
 Summon Ice Beast         Ice/Summ       Unusable     N/A         4    N/A
 Summon Mana Viper        Hex/Summ       Unusable     N/A         5    N/A
 Hydra Form               Tmut           Unusable     N/A         6    N/A
 Statue Form              Tmut/Erth      Unusable     N/A         6    N/A
 Dragon Form              Tmut           Unusable     N/A         7    N/A
 Spellforged Servitor     Conj/Summ      Unusable     N/A         7    N/A
 Summon Hydra             Summ           Unusable     N/A         7    N/A

Dungeon Overview and Level Annotations

Branches:
Dungeon (15/15)            Temple (1/1) D:6            Lair (6/6) D:9
  Swamp (4/4) Lair:4       Spider (4/4) Lair:4        Slime (0/5) Lair:5
    Orc (2/2) D:11            Elf (0/3) Orc:2        Vaults (5/5) D:14
  Crypt (0/3) Vaults:2     Depths (2/5) D:15        Ossuary (visited)
 Bailey (visited)         Gauntlet (visited)

Altars:
Ashenzari
Cheibriados
Dithmenos
Elyvilon
Fedhas
Gozag
Hepliaklqana
Kikubaaqudgha
Makhleb
Nemelex Xobeh
Okawaru
Qazlal
Ru
Sif Muna
Trog
Uskayaw
Vehumet
Wu Jian
Xom
Yredelemnul
Zin
The Shining One
Beogh
Jiyva

Shops:
D:8 *=*:   D:9 :   D:10 (   D:12 }   Orc:2 }==((*   Vaults:2 !   Vaults:3 *

Portals:
Hell: Depths:1 Depths:2
Abyss: Depths:2


Innate Abilities, Weirdness & Mutations

You do not eat or drink.
Your flesh is vulnerable to fire.
You are immune to poison.
Your flesh is cold resistant. (rC+)
Your magical capacity is low. (-10% MP)
You are immune to negative energy. (rN+++)
You are immune to unholy pain and torment.
You are weak. (Str -2)
You can survive without breathing.
You cannot study or use magical devices.
You are hated by all.
You are somewhat inexperienced. (-2 XL)
You are in touch with the powers of death.


Message History

You resist with almost no effort.
You hit the stone giant but do no damage.
The stone giant is almost dead.
The floating eye gazes piercingly through you!
You suddenly lose the ability to move!
The orc knight is stunned by your will and fails to attack.
The vault warden hits you with a +0 war axe!!
* * * LOW HITPOINT WARNING * * *
The floating eye changes into a fire crab!
The sphinx hits you.
* * * LOW HITPOINT WARNING * * *
The sphinx hits you but does no damage. x2
The ironbrand convoker hits you with a +0 mace.
* * * LOW HITPOINT WARNING * * *
The orc knight hits you with a +0 great sword!!
* * * LOW HITPOINT WARNING * * *
You focus your will and blind the orc knight in retribution!
The vault warden hits you but does no damage.
The stone giant hits you!!!
You die...

...')(.)# ##...##
#...'. ...#!...# ##.##
#.#.#. ...###### ###+#
#...#. ...#....# #...#
#####. ...'....# #..!#
#..... ...#....#
#####...# #.#.#.
...###### #.......#
#..... ...#....#
#.opt#..# ###'#.
...'....# #eH@p...##
#...#. ...#....#
####.Cp####+######.#.#.
#########
#....#.#.........'...#.
........#
#......#...#.....######
........#
#......#.........# #...
#########
#######+.#.####### #...
### ##...# #... ..#
#(..# #.#. ..########
#...# #...


You could see a sphinx, a stone giant, 2 vault wardens, an orc knight (blind), a
fire crab shaped shifter, a deep elf knight and an ironbrand convoker.

Vanquished Creatures
  Boris (Vaults:5)
  Bai Suzhen (Spider:4)
  the Enchantress (Depths:1)
  3 liches
  Arachne (Spider:2)
  The ghost of Viusuagh the Fencer, an adept MiSk of Cheibriados (Vaults:3)
  A tentacled monstrosity (Vaults:5)
  Jorgrun (Spider:3)
  Asterion (Vaults:1)
  3 titans
  2 sphinxes
  A tengu reaver (Vaults:3)
  Agnes (Spider:3)
  2 thorn hunters
  2 shadow dragons (Vaults:4)
  A storm dragon (Vaults:1)
  Donald (Orc:2)
  5 frost giants
  2 nagarajas
  6 fire giants
  Louise (Swamp:1)
  3 emperor scorpions
  An orc warlord (Vaults:1)
  6 ghost moths
  14 vault wardens
  14 ironheart preservers
  3 spriggan defenders (Depths:1)
  8 stone giants
  7 entropy weavers
  The ghost of Kafito the Geomancer, a journeyman GrEE of Vehumet (D:15)
  7 very ugly things
  2 vampire knights
  2 war gargoyles
  2 deep elf demonologists
  3 deep elf annihilators
  5 dire elephants (Lair:6)
  2 spark wasps (Spider:4)
  The ghost of Noxiv the Cleaver, a journeyman FoFi of Hepliaklqana (Lair:4)
  The ghost of Noxiv the Cleaver, a journeyman FoFi of Hepliaklqana (Lair:4)
  A minotaur (Gauntlet)
  6 ettins
  Josephine (D:12)
  A merfolk javelineer (D:15)
  11 yaktaur captains
  5 fire dragons
  A deep elf high priest (Vaults:4)
  Fannar (D:12)
  25 hydras
  Harold (D:7)
  3 great orbs of eyes
  The ghost of Oxit the Destroyer, a journeyman DsFE of Vehumet (Lair:4)
  The ghost of Oxit the Destroyer, a journeyman DsFE of Vehumet (Lair:4)
  Erolcha (Orc:1)
  3 shambling mangroves
  2 death knights
  4 rakshasas
  42 vault guards
  5 ice dragons
  30 two-headed ogres
  9 centaur warriors
  The ghost of Cuollip the Grappler, a journeyman VSTm of Kikubaaqudgha (Lair:4)
  An anaconda (Lair:6)
  A spriggan air mage (Depths:1)
  3 death yaks
  2 dancing weapons
  8 alligators
  A queen ant (Lair:2)
  Erica (D:8)
  10 ogre magi
  2 hell hogs
  4 deep troll shamans
  2 tengu warriors
  4 orc high priests
  2 spriggan berserkers
  4 deep troll earth magi
  A shock serpent (shapeshifter) (Vaults:3)
  A wretched star (Abyss:2)
  3 deep elf knights
  A shadow wraith (Vaults:3)
  2 skeletal warriors
  A spatial maelstrom (Abyss:2)
  8 large abominations
  2 iron trolls
  3 spriggan druids
  2 flayed ghosts (D:12)
  6 wizards
  9 deep trolls
  9 swamp dragons
  5 deep elf archers
  10 unseen horrors
  A death drake (Abyss:2)
  A glowing orange brain (Vaults:3)
  8 harpies
  An obsidian statue (Vaults:3)
  A lindwurm (shapeshifter) (Vaults:4)
  A wolf spider zombie (D:15)
  24 orc knights
  2 phantasmal warriors (D:15)
  10 ironbrand convokers
  5 necromancers
  A mana viper (shapeshifter) (Vaults:4)
  3 oklob plants
  17 orb spiders
  20 deep elf magi
  11 orc sorcerers
  30 wolf spiders
  2 manticores
  6 cyclopes
  8 moths of wrath
  19 ugly things
  3 worldbinders
  A salamander (shapeshifter) (Vaults:2)
  An apocalypse crab (Depths:2)
  A salamander (Depths:2)
  A torpor snail (shapeshifter) (Vaults:4)
  4 elephants (Lair:6)
  A frost giant skeleton (Depths:1)
  A smoke demon (Abyss:2)
  14 vault sentinels
  6 black mambas
  A fire giant skeleton (Vaults:4)
  23 spiny frogs
  2 centaur zombies
  2 ice statues
  A naga mage (D:15)
  A komodo dragon (shapeshifter) (Vaults:4)
  An efreet (D:15)
  6 centaur skeletons
  11 demonic crawlers
  24 yaktaurs
  A rime drake (shapeshifter) (D:14)
  2 rime drakes
  6 komodo dragons
  A yaktaur (shapeshifter) (D:15)
  A human zombie (Vaults:4)
  7 freezing wraiths
  A hellwing (Depths:2)
  34 jumping spiders
  2 tengu conjurers
  A polar bear (Depths:1)
  A polar bear (shapeshifter) (D:14)
  12 trolls
  23 tyrant leeches
  A wolf spider simulacrum (Lair:2)
  Prince Ribbit (Temple)
  A silent spectre (Abyss:2)
  18 blink frogs
  A hippogriff (shapeshifter) (Vaults:5)
  21 hornets
  9 bog bodies
  15 dream sheep
  11 slime creatures
  5 raiju (Abyss:2)
  An ice dragon zombie (Depths:1)
  7 hippogriffs
  A snapping turtle (shapeshifter) (D:12)
  7 flying skulls
  81 redbacks
  A spriggan (shapeshifter) (Depths:1)
  8 shadows
  An ice dragon skeleton (Depths:1)
  23 tarantellas
  A ynoxinul (Abyss:2)
  5 wraiths
  A yak (shapeshifter) (Vaults:1)
  48 yaks
  4 vampires
  A hog (shapeshifter) (Vaults:5)
  A fire bat (shapeshifter) (Vaults:1)
  13 spriggans
  3 hogs (D:8)
  5 wyverns
  3 basilisks
  A human (D:8)
  11 water elementals
  3 hungry ghosts
  2 steam dragons
  33 vampire mosquitoes
  Edmund (D:6)
  A warg (shapeshifter) (Depths:2)
  23 swamp worms
  2 chaos spawn (Abyss:2)
  5 wargs
  14 insubstantial wisps
  4 acid dragons
  6 soldier ants (Lair:2)
  A soldier ant (shapeshifter) (Vaults:1)
  A hydra simulacrum (Lair:2)
  6 water moccasins
  9 porcupines
  A hell hound (Abyss:2)
  17 swamp drakes
  3 ice beasts
  50 orc warriors
  A deep troll simulacrum (Depths:1)
  A black bear (D:10)
  A black mamba simulacrum (Lair:2)
  A phantom (D:12)
  2 small abominations (Abyss:2)
  5 eyes of draining
  41 ogres
  A tengu (shapeshifter) (Vaults:3)
  6 boggarts
  27 centaurs
  20 wolves
  10 crocodiles
  A human skeleton (Vaults:4)
  A big kobold (D:12)
  A gnoll sergeant (Orc:2)
  16 bullfrogs
  4 earth elementals
  A wyvern zombie (D:8)
  2 wyvern skeletons
  A blink frog simulacrum (Lair:2)
  6 scorpions
  5 killer bees (D:9)
  2 howler monkeys
  9 wights
  3 electric eels (Lair:5)
  17 crimson imps
  A komodo dragon simulacrum (Lair:2)
  4 quasits
  A bullfrog zombie (D:6)
  6 jellies
  A gnoll shaman (D:8)
  18 orc priests
  2 bullfrog skeletons
  9 hounds
  3 hell rats (Lair:5)
  3 iguanas
  37 orc wizards
  A polar bear simulacrum (Lair:2)
  19 worker ants
  An ogre zombie (Orc:1)
  11 big kobold zombies (Ossuary)
  A basilisk simulacrum (Lair:2)
  A hound skeleton (D:6)
  A howler monkey zombie (D:6)
  A mummy (Ossuary)
  17 gnolls
  13 adders
  7 river rats (Lair:5)
  5 shadow imps
  4 white imps
  3 ufetubi (Abyss:2)
  2 oozes
  An adder skeleton (D:8)
  5 worms
  3 dart slugs
  7 leopard geckos
  104 orcs
  3 spectral bats (Ossuary)
  8 bats
  10 giant cockroaches
  A gnoll zombie (Ossuary)
  7 goblins
  11 hobgoblins
  6 jackals
  5 quokkas
  2 ball pythons
  3 bat simulacra (Ossuary)
  6 frilled lizards
  4 goblin simulacra (Ossuary)
  6 goblin zombies (Ossuary)
  3 hobgoblin zombies (Ossuary)
  A jackal zombie (D:6)
  9 kobolds
  6 kobold simulacra (Ossuary)
  5 kobold zombies (Ossuary)
  4 orc zombies (Ossuary)
  A quokka skeleton (D:9)
  4 quokka zombies
  8 rats
  2 rat simulacra (Ossuary)
  2 spectral goblins (Ossuary)
  3 spectral kobolds (Ossuary)
  5 spectral rats (Ossuary)
  2 bushes
  3 fungi
  A lurking horror (Abyss:2)
  4 plants
1855 creatures vanquished.

Vanquished Creatures (collateral kills)
  A hellion (Depths:2)
1 creature vanquished.

Vanquished Creatures (others)
  A sphinx (Vaults:1)
  An emperor scorpion (Spider:3)
  3 ironheart preservers
  A very ugly thing (Vaults:4)
  A vampire knight (D:15)
  An entropy weaver (Vaults:4)
  A deep elf annihilator (D:14)
  A dire elephant (Lair:6)
  A merfolk impaler (D:15)
  2 yaktaur captains
  2 hydras
  2 centaur warriors
  2 two-headed ogres
  An unseen horror (Vaults:1)
  2 deep trolls
  A flayed ghost (Depths:2)
  2 swamp dragons (Swamp:4)
  A phantasmal warrior (Vaults:4)
  A deep elf archer (Vaults:2)
  A harpy (Vaults:1)
  An orc knight (D:15)
  A cyclops (Vaults:2)
  2 torpor snails
  A spiny frog (Lair:2)
  12 yaktaurs
  A komodo dragon (Lair:1)
  3 jumping spiders
  A tyrant leech (Swamp:4)
  2 hornets
  A slime creature (Vaults:2)
  A dream sheep (Lair:5)
  2 hippogriffs
  A water elemental (D:15)
  5 redbacks
  A yak (Lair:5)
  A vampire mosquito (Swamp:4)
  An acid dragon (Vaults:2)
  An ice beast (shapeshifter) (Vaults:4)
  A sky beast (D:8)
  4 centaurs
  A boggart (Vaults:3)
  An ogre (Vaults:4)
  A starcursed mass (Abyss:2)
  An orc priest (Orc:1)
  2 centaur skeletons
  An orc wizard (D:8)
  7 orcs
  A bush (Lair:6)
  15 fungi
  16 plants
  24 starspawn tentacles (Abyss:2)
141 creatures vanquished.

Grand Total: 1997 creatures vanquished

Notes
Turn   | Place    | Note
-------+----------+-------------------------------------------
     0 | D:1      | Arixos the Mummy Necromancer began the quest for the Orb.
     0 | D:1      | Reached XP level 1. HP: 13/13 MP: 4/4
   498 | D:1      | You fall into a shaft and drop 1 floor!
   499 | D:2      | Noticed an orc warrior
   670 | D:1      | Reached XP level 2. HP: 20/20 MP: 0/5
  1581 | D:2      | Reached XP level 3. HP: 22/25 MP: 2/7
  1619 | D:2      | Reached skill level 1 in Fighting
  1683 | D:2      | Learned a level 3 spell: Vampiric Draining
  1753 | D:2      | Found a sacrificial altar of Ru.
  1765 | D:2      | Reached skill level 1 in Armour
  1778 | D:2      | Reached XP level 4. HP: 31/32 MP: 1/8
  1838 | D:2      | Became a worshipper of Ru the Awakened
  2195 | D:2      | Reached skill level 1 in Shields
  2427 | D:3      | Found a hide-covered altar of Uskayaw.
  2812 | D:3      | Reached XP level 5. HP: 36/38 MP: 4/10
  2954 | D:3      | Gained mutation: You are weak. (Str -2) [Ru sacrifice]
  3993 | D:5      | Entered Level 5 of the Dungeon
  4057 | D:5      | Reached XP level 6. HP: 22/44 MP: 3/12
  4180 | D:5      | Found a sand-covered staircase.
  4188 | Ossuary  | Entered an ossuary
  4670 | Ossuary  | Reached skill level 5 in Necromancy
  4773 | Ossuary  | Reached XP level 7. HP: 47/51 MP: 13/13
  5004 | Ossuary  | Gained mutation: You are somewhat inexperienced. (-2 XL)
                  | [Ru sacrifice]
  5004 | Ossuary  | Reached XP level 6. HP: 46/46 MP: 12/12
  5004 | Ossuary  | Reached XP level 5. HP: 40/40 MP: 11/11
  5004 | Ossuary  | Reached * piety under Ru
  5004 | Ossuary  | Reached ** piety under Ru
  5097 | D:5      | Found a glowing golden altar of the Shining One.
  5340 | D:5      | Noticed an ice beast
  5701 | D:5      | Killed an ice beast
  5701 | D:5      | Reached XP level 6. HP: 41/47 MP: 0/13
  5856 | D:6      | Found a radiant altar of Vehumet.
  5879 | D:6      | Found a burning altar of Makhleb.
  6056 | D:6      | Reached skill level 1 in Maces & Flails
  6151 | D:6      | Found a staircase to the Ecumenical Temple.
  6176 | Temple   | Entered the Ecumenical Temple
  6230 | D:6      | Noticed Prince Ribbit
  6251 | Temple   | Reached skill level 5 in Spellcasting
  6251 | Temple   | Reached XP level 7. HP: 41/52 MP: 2/14
  7299 | D:6      | Reached skill level 1 in Long Blades
  7380 | D:6      | Noticed Edmund
  7397 | D:6      | Killed Edmund
  7397 | D:6      | Reached XP level 8. HP: 57/60 MP: 16/16
  7998 | D:7      | Found a snail-covered altar of Cheibriados.
  8087 | D:7      | Gained mutation: You are hated by all. [Ru sacrifice]
  8087 | D:7      | Reached *** piety under Ru
  8087 | D:7      | Reached **** piety under Ru
  8100 | D:7      | Found a basalt altar of Yredelemnul.
  8361 | D:7      | Noticed Harold
  8390 | D:7      | Killed Harold
  8390 | D:7      | Reached XP level 9. HP: 26/66 MP: 2/18
  9141 | D:8      | Reached skill level 5 in Shields
  9211 | D:8      | Found Qeutzoac's Assorted Antiques.
  9219 | D:8      | Bought a tiny bronze amulet for 130 gold pieces
  9318 | D:8      | Found a shimmering blue altar of Sif Muna.
  9327 | D:8      | Noticed Erica
  9349 | D:8      | Killed Erica
  9349 | D:8      | Reached skill level 5 in Fighting
  9458 | D:8      | Found Jaheng's General Store.
  9496 | D:8      | Found Uxzuuzus's Jewellery Shop.
  9680 | D:8      | Noticed a two-headed ogre
  9681 | D:8      | Reached XP level 10. HP: 73/74 MP: 20/20
  9691 | D:8      | Killed a two-headed ogre
 10251 | D:8      | Found Maorch's Book Boutique.
 10565 | D:8      | Reached skill level 5 in Dodging
 10688 | D:9      | Found Pesatong's Book Shoppe.
 10738 | D:9      | Got a brightly glowing leather armour
 10739 | D:9      | Identified the +1 leather armour of Objectivity {Regen+
                  | Str+2 Dex+3} (You found it on level 9 of the Dungeon)
 10897 | D:9      | Gained mutation: You cannot study or use magical devices.
                  | [Ru sacrifice]
 10897 | D:9      | Reached ***** piety under Ru
 10922 | D:9      | Reached skill level 5 in Long Blades
 11062 | D:9      | Found a staircase to the Lair.
 11193 | D:9      | Reached XP level 11. HP: 80/81 MP: 22/22
 11734 | D:9      | Found an ornate altar of the Wu Jian Council.
 12005 | Lair:1   | Entered Level 1 of the Lair of Beasts
 12075 | Lair:1   | Noticed a six-headed hydra
 12084 | Lair:1   | Killed a five-headed hydra
 12084 | Lair:1   | Reached skill level 5 in Armour
 13505 | Lair:2   | Noticed an oklob plant
 13601 | Lair:2   | Noticed a queen ant
 13636 | Lair:2   | Killed a queen ant
 14206 | Lair:2   | Reached XP level 12. HP: 70/89 MP: 24/24
 14416 | Lair:2   | Found a transporter.
 14450 | Lair:2   | Found a transporter.
 14452 | Lair:2   | Found the +0 sword of Power
 15335 | Lair:3   | Found the +10 large shield of Ignorance {rN+ Int-4}
 16064 | Lair:4   | Found a hole to the Spider Nest.
 16788 | Lair:4   | Noticed a four-headed hydra
 16795 | Lair:4   | Killed a two-headed hydra
 16976 | Lair:4   | Found a staircase to the Swamp.
 17301 | Lair:4   | Found a runed translucent gate.
 17301 | Lair:4   | Found a runed translucent gate.
 17302 | Lair:4   | Found a runed translucent gate.
 17303 | Lair:4   | Noticed Oxit's ghost (journeyman DsFE)
 17303 | Lair:4   | Noticed Noxiv's ghost (journeyman FoFi)
 17303 | Lair:4   | Noticed Oxit's ghost (journeyman DsFE)
 17303 | Lair:4   | Noticed Noxiv's ghost (journeyman FoFi)
 17303 | Lair:4   | Noticed Cuollip's ghost (journeyman VSTm)
 17817 | Lair:5   | Found a staircase to the Slime Pits.
 17819 | Lair:5   | Found a viscous altar of Jiyva.
 18101 | Lair:5   | Gained mutation: You are in touch with the powers of death.
                  | [Mummy growth]
 18101 | Lair:5   | Reached XP level 13. HP: 98/98 MP: 26/26
 18651 | Lair:6   | Entered Level 6 of the Lair of Beasts
 18984 | Lair:6   | Reached skill level 10 in Spellcasting
 20654 | Lair:6   | Noticed a dire elephant
 20665 | Lair:6   | Killed a dire elephant
 20709 | Lair:6   | Noticed a dire elephant
 20709 | Lair:6   | Noticed a dire elephant
 20751 | Lair:6   | HP: 3/99 [dire elephant (23)]
 20759 | Lair:6   | Noticed a dire elephant
 20762 | Lair:6   | Killed a dire elephant
 20762 | Lair:6   | Killed a dire elephant
 20766 | Lair:6   | Killed a dire elephant
 20843 | Lair:6   | Noticed a dire elephant
 20860 | Lair:6   | Killed a dire elephant
 21231 | Lair:6   | Got a fine quarterstaff
 21239 | Lair:6   | Identified the +8 quarterstaff of Tixkecep {drain, rC+
                  | rN+++ SInv Stlth-} (You found it on level 6 of the Lair of
                  | Beasts)
 21288 | Lair:6   | Noticed a dire elephant
 21339 | Lair:6   | Killed a dire elephant
 21339 | Lair:6   | Reached XP level 14. HP: 73/106 MP: 19/28
 21606 | D:10     | Entered Level 10 of the Dungeon
 22095 | D:10     | Learned a level 2 spell: Blink
 22310 | D:10     | Found Taodugor's Weapon Shop.
 22628 | D:11     | Got a bloodstained ring mail
 22629 | D:11     | Identified the +4 ring mail "Zeterph" {rPois Str-3 Dex+7}
                  | (You found it on level 11 of the Dungeon)
 22678 | D:11     | Reached skill level 10 in Shields
 22804 | D:11     | Found a staircase to the Orcish Mines.
 23379 | Orc:1    | Entered Level 1 of the Orcish Mines
 23428 | Orc:1    | You fall into a shaft and drop 1 floor!
 23428 | Orc:2    | Entered Level 2 of the Orcish Mines
 23428 | Orc:2    | Found a roughly hewn altar of Beogh.
 23475 | Orc:2    | Reached skill level 1 in Translocations
 23538 | Orc:2    | Noticed Donald
 23590 | Orc:2    | Killed Donald
 23691 | Orc:2    | Found Qiukhlaajo's Gadget Emporium.
 23895 | Orc:1    | Found a roughly hewn altar of Beogh.
 24280 | Orc:1    | Reached skill level 10 in Necromancy
 24305 | Orc:1    | Noticed Erolcha
 24338 | Orc:1    | Killed Erolcha
 25303 | Orc:2    | Found a staircase to the Elven Halls.
 25419 | Orc:2    | Found Zydd's Assorted Antiques.
 25635 | Orc:2    | Found Niytez's Jewellery Emporium.
 25640 | Orc:2    | Found Gado's Antique Weapon Boutique.
 25842 | Orc:2    | Reached skill level 10 in Long Blades
 25877 | Orc:2    | Bought the ring "Yffesch" {rC+ Slay+5} for 795 gold pieces
 25877 | Orc:2    | Bought an uncursed ring of protection from fire for 375
                  | gold pieces
 25896 | Orc:2    | Found Bezis's Weapon Boutique.
 25898 | Orc:2    | Found Ukop's Jewellery Emporium.
 26055 | D:12     | Noticed a frost giant
 26084 | D:12     | Killed a frost giant
 26382 | D:12     | Noticed Josephine
 26422 | D:12     | Killed Josephine
 26429 | D:12     | Reached XP level 15. HP: 81/113 MP: 29/29
 26506 | D:12     | Noticed Fannar
 26525 | D:12     | Killed Fannar
 26804 | D:12     | Found a snail-covered altar of Cheibriados.
 26864 | D:12     | Found Hamiwu's Gadget Boutique.
 27787 | D:13     | Gained mutation: Your magical capacity is low. (-10% MP)
                  | [Ru sacrifice]
 27787 | D:13     | Reached ****** piety under Ru
 28164 | D:14     | Found a flagged portal.
 28173 | Bailey   | Entered a bailey
 28353 | D:14     | Found a gate to the Vaults.
 28401 | D:14     | Found a gate leading to a gauntlet.
 28407 | Gauntlet | Entered a Gauntlet
 28407 | Gauntlet | Found a transporter.
 28407 | Gauntlet | Found a transporter.
 28407 | Gauntlet | Found a transporter.
 28407 | Gauntlet | Found a transporter.
 28411 | Gauntlet | Found a transporter.
 28421 | Gauntlet | Found a transporter.
 28425 | Gauntlet | Found a transporter.
 28438 | Gauntlet | Found a transporter.
 28446 | Gauntlet | Found a transporter.
 28463 | Gauntlet | Found a transporter.
 28471 | Gauntlet | Found a transporter.
 28491 | Gauntlet | Found a transporter.
 28696 | Gauntlet | Paralysed by a floating eye for 4 turns
 28706 | Gauntlet | Paralysed by a floating eye for 3 turns
 28717 | Gauntlet | Paralysed by a floating eye for 2 turns
 28809 | Gauntlet | Identified a scroll of acquirement
 28846 | Gauntlet | Got a twitching granite ring
 28908 | Gauntlet | Identified the ring of Eseop {+Fly Str+4} (You found it in
                  | a Gauntlet)
 28937 | Gauntlet | Identified the ring of Jeivved {rPois rC+ rN+ Stlth+}
 28951 | Gauntlet | Reached skill level 5 in Translocations
 29983 | D:15     | Entered Level 15 of the Dungeon
 30202 | D:15     | Noticed a fire giant
 30221 | D:15     | Killed a fire giant
 30832 | D:15     | Found a runed translucent gate.
 30868 | D:15     | Identified the cursed +1 chain mail of Vodwick {*Corrode
                  | Str+2 Dex+4 Stlth+}
 30868 | D:15     | Noticed Kafito's ghost (journeyman GrEE)
 30875 | D:15     | Found a shadowy altar of Dithmenos.
 30925 | D:15     | Found a gateway to a bazaar.
 30936 | D:15     | Reached skill level 10 in Fighting
 30988 | Bazaar   | Entered a bazaar
 30992 | Bazaar   | Found Ganton's Weapon Boutique.
 31010 | Bazaar   | Found Inilei's Weapon Emporium.
 31027 | Bazaar   | Found Lycvok's Book Boutique.
 31044 | Bazaar   | Found Piesikli's Antique Weapon Shoppe.
 31088 | D:15     | Found a runed translucent gate.
 31090 | D:15     | Found a runed translucent gate.
 31099 | D:15     | Found a roughly hewn altar of Beogh.
 31101 | D:15     | Identified the ring of Radeus {Ice *Drain rElec MP+9 Int+6}
 31103 | D:15     | Found the +3 giant club "Skullcrusher" {speed, Str+7}
 31243 | D:15     | Reached XP level 16. HP: 122/122 MP: 23/27
 31265 | D:15     | Found a staircase to the Depths.
 31996 | Temple   | Killed Prince Ribbit
 32551 | Lair:4   | Killed Cuollip's ghost
 32561 | Lair:4   | Killed Noxiv's ghost
 32564 | Lair:4   | Killed Oxit's ghost
 32840 | Lair:4   | Killed Noxiv's ghost
 32938 | Lair:4   | Killed Oxit's ghost
 33007 | Swamp:1  | Entered Level 1 of the Swamp
 34021 | Swamp:1  | Noticed Louise
 34044 | Swamp:1  | Killed Louise
 34921 | Swamp:2  | Noticed a thorn hunter
 34948 | Swamp:2  | Killed a thorn hunter
 35470 | Swamp:3  | Found a burning altar of Makhleb.
 36148 | Swamp:4  | Entered Level 4 of the Swamp
 36612 | Swamp:4  | Reached XP level 17. HP: 126/129 MP: 7/27
 37322 | Swamp:4  | Got a decaying rune of Zot
 37490 | Spider:1 | Entered Level 1 of the Spider Nest
 40495 | Spider:3 | Noticed Arachne
 40699 | Spider:2 | Killed Arachne
 41300 | Spider:3 | Learned a level 1 spell: Apportation
 41304 | Spider:3 | Learned a level 3 spell: Lesser Beckoning
 41694 | Spider:3 | Noticed Agnes
 41705 | Spider:3 | Killed Agnes
 42261 | Spider:3 | Noticed Jorgrun
 42303 | Spider:3 | Killed Jorgrun
 42303 | Spider:3 | Reached XP level 18. HP: 79/138 MP: 9/28
 42418 | Spider:4 | Entered Level 4 of the Spider Nest
 42887 | Spider:4 | Reached skill level 10 in Dodging
 43353 | Spider:4 | Noticed Bai Suzhen
 43716 | Spider:4 | Reached skill level 10 in Armour
 44038 | Spider:4 | Killed Bai Suzhen
 44438 | Spider:2 | HP: 3/139 [something (11)]
 45074 | Spider:4 | Got a gossamer rune of Zot
 45494 | Vaults:1 | Entered Level 1 of the Vaults
 45682 | D:8      | Bought the cursed +1 chain mail of the Farrier {rElec SInv}
                  | for 370 gold pieces
 45846 | Orc:2    | Bought the ring "Anekao Mose" {rPois rF+++ Dex+9} for 1132
                  | gold pieces
 48229 | Vaults:1 | Reached XP level 19. HP: 113/146 MP: 29/29
 48615 | Vaults:1 | Identified a ring of the Octopus King {rF+ AC+1 EV+1 Str+1
                  | Int+1 Dex+1}
 48902 | Vaults:1 | Identified the amulet of New Discoveries {+Rage rElec Dex+4
                  | SInv}
 48918 | Vaults:1 | Noticed a lich
 48921 | Vaults:1 | Paralysed by a lich for 6 turns
 49234 | Depths:1 | Entered Level 1 of the Depths
 49696 | D:15     | HP: 6/146 [iron troll (13)]
 49933 | D:15     | Found a staircase to the Depths.
 50251 | D:15     | Found a runed translucent gate.
 50252 | D:15     | Found a runed translucent gate.
 50253 | D:15     | Found a roughly hewn altar of Beogh.
 50253 | D:15     | Found a runed translucent gate.
 50364 | D:15     | Found a shadowy altar of Dithmenos.
 51223 | D:15     | Killed Kafito's ghost
 52627 | Depths:1 | Found a gateway to Hell.
 52835 | Depths:1 | Noticed a lich
 52843 | Depths:1 | Killed a lich
 52981 | Depths:1 | Noticed the Enchantress
 52988 | Depths:1 | Killed the Enchantress
 53668 | Depths:1 | Found a gateway to Hell.
 54309 | Depths:2 | Found a one-way gate to the infinite horrors of the Abyss.
 54314 | Depths:2 | Voluntarily entered the Abyss.
 54412 | Abyss:2  | Found a corrupted altar of Lugonu.
 54426 | Abyss:2  | Got a pair of transparent gloves
 54427 | Abyss:2  | Identified the +0 pair of gloves "Cuajaon" {+Inv rElec MR+}
                  | (You found it on level 2 of the Abyss)
 54525 | Abyss:2  | Noticed a bone dragon
 55575 | Abyss:2  | Reached XP level 20. HP: 136/155 MP: 30/30
 55577 | Depths:2 | Escaped the Abyss
 56157 | Depths:2 | Learned a level 8 spell: Controlled Blink
 56501 | Vaults:1 | Noticed Asterion
 56502 | Vaults:1 | Killed Asterion
 56537 | Vaults:1 | Identified the ring "Rarof" {rPois rF+ MR+ Dex+3}
 56571 | Vaults:1 | Identified the +13 plate armour of the Rose {Dex+2}
 56735 | Vaults:1 | Got a steaming helmet
 56736 | Vaults:1 | Identified the cursed +0 helmet of Midnight {rN+ rCorr
                  | Str-4} (You found it on level 1 of the Vaults)
 56920 | Vaults:1 | Identified the +10 short sword "Ruoclumm" {pierce, rF+
                  | Dex+6 SInv}
 57564 | Vaults:2 | Reached skill level 15 in Shields
 57952 | Vaults:2 | Found Ohiecrau's Distillery.
 58256 | Vaults:2 | Found a staircase to the Crypt.
 58606 | Vaults:2 | Got a translucent ring mail
 58607 | Vaults:2 | Identified the +4 ring mail of the Wild Haggis {rF+ Str+2
                  | Dex+6} (You found it on level 2 of the Vaults)
 58804 | Vaults:3 | Found a runed translucent gate.
 58804 | Vaults:3 | Found a runed translucent gate.
 58804 | Vaults:3 | Found a runed translucent gate.
 58805 | Vaults:3 | Found an opulent altar of Gozag.
 58806 | Vaults:3 | Noticed Viusuagh's ghost (adept MiSk)
 58807 | Vaults:3 | Found Keacyabiy's Assorted Antiques.
 58924 | Vaults:3 | Killed Viusuagh's ghost
 58979 | Vaults:3 | Bought a tubular glass ring for 160 gold pieces
 59005 | Vaults:3 | Reached skill level 10 in Translocations
 59270 | Vaults:3 | Reached XP level 21. HP: 135/163 MP: 31/31
 60841 | Vaults:4 | Identified the +8 triple crossbow of the Establishment
                  | {velocity, MR++ Int-2}
 61395 | Vaults:4 | Reached skill level 15 in Necromancy
 61949 | Vaults:5 | Entered Level 5 of the Vaults
 62164 | Vaults:5 | Noticed Boris
 62165 | Vaults:5 | Reached XP level 22. HP: 174/174 MP: 32/32
 62182 | Vaults:5 | Killed Boris
 62197 | Vaults:5 | Reached skill level 15 in Fighting
 62439 | Vaults:4 | Paralysed by a floating eye for 3 turns
 62440 | Vaults:4 | Annihilated by a stone giant

Levels and vault maps discovered:
D:1:      kennysheep_arrival_forest, layout_basic
D:2:      layout_basic, nicolae_ru_great_annihilating_truth
D:3:      layout_basic, lemuel_doored_altar, first_ration,
          minmay_fractal_squares_diagonal_5
D:4:      layout_loops_corners, serial_glass, glass_columns_a, glass_columns_b
D:5:      layout_loops_ring, nicolae_overflow_crystal_walls, enter_ossuary_4
D:6:      layout_basic, vehumet_crystals, makhleb_heckhound_becter,
          minmay_temple_entry_ruins, uniq_prince_ribbit1, uniq_edmund
D:7:      layout_basic, yredelemnul_altar_generic, cheibriados_altar_1,
          kennysheep_generic_room_8, uniq_harold
D:8:      layout_loops_ring, basic_altar, serial_shops, shop,
          nicolae_shop_stone, shop, kennysheep_little_box, grunt_livestock,
          chequers_serial_rivers_room_b, uniq_erica
D:9:      layout_gridville, old_standard_altar, erik_lair_dragon, serial_shops,
          shop
D:10:     layout_loops_corners, serial_shops,
          nicolae_shop_competitors_out_of_business, minmay_nine_imps
D:11:     layout_basic, erik_orc_1
D:12:     thingy_vault, layout_irregular_city, basic_altar, serial_shops,
          kennysheep_mini_moat, minmay_bent, uniq_josephine, uniq_fannar
D:13:     layout_irregular_city, serial_glass, glass_columns_a, glass_columns_b
D:14:     layout_loops_corners, david_vaults_1, gauntlet_entry_generic,
          lightli_bailey_entry_fortress, chequers_serial_rivers_micro_b
D:15:     grunt_enter_depths_magical_seal, layout_basic,
          biasface_ghost_orc_armoury, serial_shops, statue_bzr,
          nicolae_dithmenos_shadow_blocks, minmay_shattered_shrine
Temple:   eino_wide_crystal_templ
Lair:1:   layout_loops_ring, lemuel_fruit_fields, infiniplex_staircase_pool
Lair:2:   gammafunk_cloud_chamber, layout_regular_city, minmay_another_anthill,
          grunt_megastairs_5, minmay_lair_oklob_chamber, lemuel_fruit_fields
Lair:3:   layout_gridlike
Lair:4:   layout_cave_pods, minmay_swamp_entry_worms,
          nicolae_spider_entry_non_spiders, gammafunk_ghost_cemetery
Lair:5:   layout_gridlike, slime_altar_1, minmay_lair_oklob_bushes,
          kennysheep_abandoned_house
Lair:6:   due_jungle_book, layout_cave_pods, worms_lemuel
Swamp:1:  layout_falls_marsh, evilmike_swamp_ruin_rubble_2, swamp_pool3,
          uniq_louise
Swamp:2:  layout_basic_swamp, hangedman_swamp_ruin_wall
Swamp:3:  layout_falls_marsh, lemuel_altar_in_water
Swamp:4:  swamp_basic_johnstein, layout_basic_swamp
Spider:1: layout_spider_delve
Spider:2: layout_spider_delve, drop_trap, spiders_nest_spider_trap
Spider:3: layout_spider_delve, hangedman_stitches_earthworm, uniq_agnes,
          uniq_arachne, uniq_jorgrun
Spider:4: spider_rune_water, uniq_bai_suzhen
Orc:1:    lemuel_ogre_cave, layout_caves, basic_altar
Orc:2:    st_orc_elflike, layout_caves, basic_altar, serial_shops, shop_coins,
          nicolae_shop_overgrown_old_shop, uniq_donald
Vaults:1: v_alt_pattern_5, v_misc_29, st_greater_box_4,
          nicolae_vaults_circle_grid_b, nicolae_vaults_alarming,
          grunt_vaults_focal, hangedman_vaults_stream, v_rooms_1,
          ontoclasm_vaults_ring_square, ontoclasm_vaults_chip,
          layout_vaults_big_cross, uniq_asterion
Vaults:2: v_alt_pattern_3, v_misc_11, minmay_crypt_entry_vampire_xt,
          nicolae_vaults_little_ls, nicolae_vaults_network_square,
          vaults_room_octagon, vaults_mumra_minichess_inversion,
          ontoclasm_vaults_fault, grunt_vaults_hallway_long, st_squares,
          nicolae_vaults_mini_display_case, layout_vaults_ring, serial_shops,
          shop
Vaults:3: ebering_vaults_ghost_gozag, nicolae_vaults_hallways_thing,
          ontoclasm_vaults_idyll, v_pattern_4, hangedman_vaults_nails,
          nicolae_vaults_network_periphery, v_alt_pattern_4, v_misc_19,
          nicolae_vaults_little_squares_3, nicolae_vaults_border_crossing,
          layout_vaults_quadrants
Vaults:4: v_misc_13, st_greater_box_5, vaults_standard_mumra_enter_the_diamond,
          nicolae_vaults_disjoint_gnomons, hangedman_vaults_variations,
          nicolae_vaults_circle_grid_a, nicolae_vaults_ninety_degrees,
          ontoclasm_vaults_ring_square, ontoclasm_vaults_ring_square, v_misc_11,
          vaults_room_stairs_pillars, v_alt_pattern_2,
          nicolae_vaults_little_squares_6, nicolae_vaults_gold_heap,
          nicolae_vaults_little_squares_3, vaults_room_semicircle,
          ontoclasm_vaults_pinch, layout_vaults_maze
Vaults:5: serial_shops, uniq_boris
Depths:1: layout_cave_pools, hangedman_coc_ice_floe, kennysheep_cross_room,
          hangedman_abyss_or_decor_passed, drop_trap, kilobyte_rumbling_trees,
          uniq_enchantress
Depths:2: gammafunk_mikee_crab_dinner, layout_cave_pools, enter_ziggurat_b,
          nicolae_abyss_entry_one_way_or_another,
          infiniplex_enter_wizlab_glasses, chequers_serial_rivers_micro_c,
          hellmouth_1, minmay_staircase_windowed_large

Skill      XL: |  1  2  3  4  5  6  7  8  9 10 11 12 13 14 15 16 17 18 19 20 21 22 |
---------------+-------------------------------------------------------------------+-----
Spellcasting   | 3 4 5 6 7 8 9 10 | 10.0
Fighting       | 1 3 4 5 6 7 8 9 10 11 12 13 14 15 | 15.1
Armour         | 1 2 3 4 5 6 7 8 9 10 11 12 13 | 13.1
Dodging        | 2 3 4 5 6 7 8 9 10 11 12 13 | 13.1
Shields        | 1 2 3 4 5 6 7 8 9 10 11 12 13 14 15 | 15.4
Necromancy     | 5 6 7 8 9 10 11 12 13 14 15 | 15.0
Maces & Flails | 1 |  1.8
Long Blades    | 1 3 4 5 6 8 9 10 11 12 13 14 | 14.0
Translocations | 3 5 6 7 8 9 10 | 10.0
Stealth        | |  1.5

Action                   |  1- 3 |  4- 6 |  7- 9 | 10-12 | 13-15 | 16-18 | 19-21 | 22-24 || total
-------------------------+-------+-------+-------+-------+-------+-------+-------+-------++-------
Melee: Unarmed           |     7 |       |       |       |       |       |       |       ||     7
       Dagger            |     3 |       |     6 |       |       |       |       |       ||     9
       Whip              |    71 |   766 |   155 |       |       |       |       |       ||   992
       Long sword        |       |       |   243 |       |     6 |    32 |    51 |       ||   332
       Scimitar          |       |       |    22 |   828 |  1761 |  2304 |   850 |       ||  5765
       Demon blade       |       |       |       |       |       |       |  1579 |    88 ||  1667
Throw: Dart              |       |       |       |       |     1 |       |    44 |       ||    45
 Cast: Pain              |    40 |   123 |     2 |     3 |    11 |     6 |     4 |       ||   189
       Vampiric Draining |       |     9 |    33 |    58 |   165 |   122 |   110 |     9 ||   506
       Lesser Beckoning  |       |       |       |       |       |    28 |       |       ||    28
       Blink             |       |       |       |       |       |       |    18 |       ||    18
       Apportation       |       |       |       |       |       |       |     6 |       ||     6
Invok: Sacrifice Purity  |       |     1 |       |       |       |       |       |       ||     1
       Sacrifice Experie |       |     1 |       |       |       |       |       |       ||     1
       Draw Out Power    |       |       |     1 |     4 |     6 |    20 |     9 |     1 ||    41
       Sacrifice Love    |       |       |     1 |       |       |       |       |       ||     1
       Sacrifice Artific |       |       |       |     1 |       |       |       |       ||     1
       Reject Sacrifices |       |       |       |     1 |     1 |       |       |       ||     2
       Apocalypse        |       |       |       |     1 |     5 |     4 |     9 |     2 ||    21
       Sacrifice Essence |       |       |       |       |     1 |       |       |       ||     1
       Power Leap        |       |       |       |       |       |     1 |     1 |       ||     2
  Use: Scroll            |       |     7 |     1 |    10 |    15 |    10 |    30 |     1 ||    74
 Stab: Invisible         |       |     1 |     4 |     6 |    13 |    26 |    31 |       ||    81
       Sleeping          |       |     1 |       |     6 |       |     2 |     1 |       ||    10
       Distracted        |       |       |     1 |     4 |    10 |     9 |    14 |     1 ||    39
       Paralysed         |       |       |     1 |     3 |    36 |    13 |    20 |    14 ||    87
       Confused          |       |       |       |       |       |     1 |       |       ||     1
Armor: Ring mail         |    38 |   372 |   148 |    42 |       |       |    56 |    31 ||   687
       Robe              |     2 |       |       |       |       |       |       |       ||     2
       Leather armour    |       |       |       |    22 |       |       |       |       ||    22
       Acid dragon scale |       |       |       |   214 |   137 |   457 |    80 |       ||   888
       Chain mail        |       |       |       |       |   500 |   521 |   259 |       ||  1280
Dodge: Dodged            |    52 |   404 |   177 |   383 |   556 |   970 |   668 |    70 ||  3280
       Deflected         |       |       |       |       |    27 |    43 |    39 |     1 ||   110
Block: Buckler           |     8 |   135 |    60 |       |       |       |       |       ||   203
       Shield            |       |       |    43 |   439 |   888 |  1288 |  1422 |   114 ||  4194
       Reflection        |       |       |       |       |    22 |    25 |   107 |     3 ||   157
       Rpst.: Long sword |       |       |    18 |       |       |       |     1 |       ||    19
       Scimitar          |       |       |     1 |   125 |   133 |   170 |    45 |       ||   474
       Demon blade       |       |       |       |       |       |       |    97 |    14 ||   111

Table legend:
 A = Non-vault XP
 B = Vault XP
 C = Vault XP percentage of total XP
 D = Non-vault monster count
 E = Vault monster count
 F = Vault count percentage of total count
                 A         B        C        D         E       F
            +---------+---------+-------+---------+---------+-------
      Total |  391704 |  349729 |  47.2 |    1241 |     672 |  35.1
            +---------+---------+-------+---------+---------+-------
        D:1 |      26 |       0 |   0.0 |      14 |       0 |   0.0
        D:2 |      78 |      40 |  33.9 |      27 |       4 |  12.9
        D:3 |      85 |      28 |  24.8 |      21 |       6 |  22.2
        D:4 |     113 |       0 |   0.0 |       6 |       0 |   0.0
        D:5 |     321 |       2 |   0.6 |       8 |       2 |  20.0
        D:6 |     762 |     221 |  22.5 |      30 |       2 |   6.2
        D:7 |     825 |     872 |  51.4 |      19 |       1 |   5.0
        D:8 |    3007 |    1879 |  38.5 |      44 |       6 |  12.0
        D:9 |    2377 |    1533 |  39.2 |      37 |       7 |  15.9
       D:10 |    2232 |     315 |  12.4 |      19 |       9 |  32.1
       D:11 |    1181 |     558 |  32.1 |      21 |      17 |  44.7
       D:12 |    4373 |   11066 |  71.7 |      32 |      28 |  46.7
       D:13 |    6889 |       0 |   0.0 |      21 |       0 |   0.0
       D:14 |   15029 |    2516 |  14.3 |      47 |      17 |  26.6
       D:15 |   32165 |   18863 |  37.0 |      66 |      38 |  36.5
     Temple |     286 |     283 |  49.7 |       9 |       1 |  10.0
     Lair:1 |    4494 |       0 |   0.0 |      19 |       0 |   0.0
     Lair:2 |    3588 |    4732 |  56.9 |      15 |      30 |  66.7
     Lair:3 |    3648 |       0 |   0.0 |      20 |       0 |   0.0
     Lair:4 |    9313 |    5620 |  37.6 |      30 |      15 |  33.3
     Lair:5 |   10296 |     737 |   6.7 |      39 |      17 |  30.4
     Lair:6 |   14355 |    7833 |  35.3 |      33 |      24 |  42.1
    Swamp:1 |   15391 |    1274 |   7.6 |      44 |       1 |   2.2
    Swamp:2 |   12631 |       0 |   0.0 |      38 |       0 |   0.0
    Swamp:3 |    8329 |       0 |   0.0 |      34 |       0 |   0.0
    Swamp:4 |    9772 |   21917 |  69.2 |      35 |      30 |  46.2
   Spider:1 |   10465 |       0 |   0.0 |      31 |       0 |   0.0
   Spider:2 |   21604 |    8268 |  27.7 |      64 |      15 |  19.0
   Spider:3 |    9041 |    9275 |  50.6 |      18 |      11 |  37.9
   Spider:4 |   13637 |   20933 |  60.6 |      39 |      37 |  48.7
      Orc:1 |    3755 |    9975 |  72.7 |      26 |      27 |  50.9
      Orc:2 |    1940 |    6634 |  77.4 |      21 |      20 |  48.8
   Vaults:1 |   14993 |   58038 |  79.5 |      39 |      70 |  64.2
   Vaults:2 |   27214 |   19723 |  42.0 |      59 |      27 |  31.4
   Vaults:3 |   21135 |   25289 |  54.5 |      36 |      26 |  41.9
   Vaults:4 |   37943 |   67042 |  63.9 |      62 |      74 |  54.4
   Vaults:5 |    7985 |   26212 |  76.7 |       9 |      18 |  66.7
   Depths:1 |   19186 |   10718 |  35.8 |      26 |      12 |  31.6
   Depths:2 |   26455 |    2363 |   8.2 |      38 |       5 |  11.6
    Abyss:2 |   14785 |       0 |   0.0 |      45 |       0 |   0.0
    Ossuary |       0 |     349 | 100.0 |       0 |      59 | 100.0
   Gauntlet |       0 |    4621 | 100.0 |       0 |      16 | 100.0
            +---------+---------+-------+---------+---------+-------
